 Dungeon Crawl Stone Soup version 0.18-a0-1572-g0a86841 (webtiles) character file.

10206 Psiweapon the Basher (level 11, -1/118 HPs)
             Began as an Ogre Hunter on Mar 15, 2016.
             Was an Elder of Makhleb.
             Slain by a yak (11 damage)
             ... on level 3 of the Lair of Beasts.
             The game lasted 00:45:41 (11976 turns).

Psiweapon the Basher (Ogre Hunter)                 Turns: 11976, Time: 00:45:41

Health: -1/118     AC:  6    Str: 19    XL:     11   Next: 58%
Magic:  18/18      EV: 13    Int: 10    God:    Makhleb [****..]
Gold:   706        SH:  0    Dex: 13    Spells: 0 memorised, 10 levels left

rFire  + . .     SeeInvis .     J - +0 giant spiked club
rCold  . . .     Gourm    .     F - +0 robe
rNeg   . . .     Faith    .     (shield currently unavailable)
rPois  .         Spirit   .     E - +2 hat
rElec  .         Dismiss  +     u - +0 cloak
rCorr  +         Reflect  .     (gloves unavailable)
SustAt +         Harm     .     (boots unavailable)
MR     +....     Rnd*Tele +     y - amulet of dismissal
Stlth  ++........               v - ring of sustain attributes
                                x - ring of resist corrosion

@: about to teleport, somewhat resistant to hostile enchantments, unstealthy
A: unfitting armour, claws 1, fire resistance 1, regeneration 1, teleportitis 1,
tough skin 1
a: Minor Destruction, Lesser Servant of Makhleb, Major Destruction, Renounce
Religion


You were on level 3 of the Lair of Beasts.
You worshipped Makhleb.
Makhleb was greatly pleased with you.
You were hungry.

You visited 3 branches of the dungeon, and saw 13 of its levels.
You also visited: Ossuary.

You collected 732 gold pieces.
You spent 26 gold pieces at shops.

Inventory:

Hand Weapons
 a - a +1 flail of protection
 k - a +0 greatsling
 t - a +2 quarterstaff of chaos
 J - a +0 giant spiked club (weapon)
 K - a +2 flail of holy wrath
Missiles
 d - 4 throwing nets
 l - 7 tomahawks
 q - 12 sling bullets
 G - 235 stones
 L - 7 large rocks (quivered)
 M - 4 javelins
Armour
 u - a +0 cloak (worn)
 E - a +2 hat (worn)
 F - a +0 robe (worn)
Jewellery
 g - an uncursed amulet of rage
 v - a ring of sustain attributes (right claw)
 x - a ring of resist corrosion (left claw)
 y - an amulet of dismissal (around neck)
Wands
 e - a wand of flame (13/48)
 P - a wand of digging (0/24)
 R - a wand of flame (11/48)
 V - a wand of paralysis (10/24)
Scrolls
 b - a scroll of brand weapon {unknown}
 h - 4 scrolls of immolation {unknown}
 o - 6 scrolls of remove curse
 r - 2 scrolls of amnesia {unknown}
 w - 3 scrolls of noise
 z - a scroll of enchant weapon {unknown}
 A - 2 scrolls of teleportation
 C - a scroll of enchant armour
 N - 2 scrolls of recharging
 O - a scroll of magic mapping {unknown}
 T - a scroll of blinking {unknown}
 U - a scroll of fog {unknown}
 W - 2 scrolls of identify
Potions
 c - a potion of haste {unknown}
 j - a potion of beneficial mutation {unknown}
 m - a potion of invisibility {unknown}
 s - 6 potions of mutation {unknown}
 B - 5 potions of berserk rage
 D - 2 potions of heal wounds {unknown}
 H - 8 potions of curing
 I - a potion of cure mutation {unknown}
 S - a potion of brilliance {unknown}
Miscellaneous
 Q - a plain deck of summoning
Comestibles
 f - 10 bread rations
 i - 4 meat rations
 n - 2 fruits
 p - 5 chunks of flesh
 X - 2 beef jerkies


   Skills:
 - Level 10.2 Fighting
 + Level 11.9 Maces & Flails
 - Level 6.4 Throwing
 + Level 7.5 Dodging
 - Level 0.7 Stealth
 - Level 10.0 Invocations
 - Level 1.0 Evocations


You had 10 spell levels left.
You didn't know any spells.

Dungeon Overview and Level Annotations

Branches:
Dungeon (9/15)             Temple (1/1) D:7            Lair (3/8) D:8
  Swamp: Lair:3-6    Shoals: Lair:3-6     Snake: Lair:3-6    Spider: Lair:3-6
    Orc: D:9-12

Altars:
Cheibriados
Dithmenos
Elyvilon
Fedhas
Gozag
Kikubaaqudgha
Makhleb
Nemelex Xobeh
Okawaru
Pakellas
Ru
Trog
Vehumet
Xom
Zin
The Shining One

Shops:
D:7 *

Annotations:
D:8 exclusion: downstairs


Innate Abilities, Weirdness & Mutations

You are too large for most types of armour.
You have tough skin (AC +1).
You have sharp fingernails.
Your flesh is heat resistant.
Your natural rate of healing is unusually fast.
You are occasionally teleported next to monsters.


Message History

The yak is moderately wounded.
The yak gores you. The yak gores you!
* * * LOW HITPOINT WARNING * * *
The yak gores you!
* * * LOW HITPOINT WARNING * * *
Unknown command.
The yak misses you. The yak barely misses you.
Found a robe.
An elephant comes into view.
Read which item? (? for menu, Esc to quit)
As you read the scroll of teleportation, it crumbles to dust.
You feel strangely unstable. The yak closely misses you.
The yak barely misses you. The yak closely misses you.
The yak barely misses you. The yak closely misses you. The yak misses you.
The yak gores you!
* * * LOW HITPOINT WARNING * * *
The yak gores you!
You die...

####### #####
##P##.P####.#.######
#...................
#........@YY........
######........YY.....[...
.##P##.......(...........Y.
................♣♣♣♣♣♣♣♣♣♣♣
..............♣♣♣
..†..........♣♣
P.P.........♣♣
............♣ ...........♣♣


You could see 4 yaks.

Vanquished Creatures
  Gastronok (D:8)
  Harold (Lair:2)
  A hydra (D:6)
  A cyclops (D:6)
  2 spiny frogs (Lair:1)
  A komodo dragon (Lair:1)
  Grinder (D:6)
  5 yaks
  2 hippogriffs
  Grum (D:8)
  Edmund (D:5)
  4 water moccasins
  A porcupine (Lair:1)
  2 orc warriors
  2 sky beasts (D:5)
  7 wolves
  3 centaurs
  2 ogres (D:6)
  7 crocodiles
  The ghost of ZeroCool the Cutter, an amateur KoBe of Trog (D:3)
  6 giant frogs
  A wyvern zombie (D:8)
  A wight (D:6)
  4 electric eels
  A howler monkey (D:3)
  3 crimson imps
  A centaur zombie (D:7)
  2 giant frog zombies (D:6)
  A quasit (D:4)
  A hound (D:6)
  A centaur skeleton (D:7)
  3 giant frog skeletons
  A human zombie (Ossuary)
  3 orc priests
  Crazy Yiuf (D:2)
  6 iguanas
  Ijyb (D:3)
  7 orc wizards
  3 worker ants
  A killer bee zombie (D:6)
  A hound skeleton (D:8)
  4 mummies (Ossuary)
  A howler monkey zombie (D:7)
  5 gnolls
  14 adders
  20 river rats
  3 shadow imps
  An ooze (D:3)
  2 adder skeletons
  4 worms
  3 dart slugs (D:1)
  8 giant geckos
  27 orcs
  3 bat skeletons (D:2)
  3 bat zombies (D:2)
  5 giant cockroaches
  A gnoll zombie (Ossuary)
  16 goblins
  7 hobgoblins
  3 jackals (D:3)
  4 kobolds
  2 quokkas
  3 ball pythons
  5 bats
  A giant cockroach zombie (D:6)
  A giant gecko zombie (D:6)
  2 giant newts
  A goblin zombie (Ossuary)
  2 hobgoblin zombies (Ossuary)
  A jackal skeleton (D:6)
  2 kobold zombies (Ossuary)
  An orc zombie (Ossuary)
  5 rats
  A fungus (D:8)
  4 plants (Lair:1)
260 creatures vanquished.

Vanquished Creatures (others)
  A fungus (Lair:3)
  3 plants
4 creatures vanquished.

Grand Total: 264 creatures vanquished

Notes
Turn   | Place    | Note
--------------------------------------------------------------
     0 | D:1      | Psiweapon the Ogre Hunter began the quest for the Orb.
     0 | D:1      | Reached XP level 1. HP: 22/22 MP: 1/1
   205 | D:1      | Reached skill level 1 in Maces & Flails
   373 | D:1      | Reached XP level 2. HP: 23/29 MP: 2/2
   868 | D:1      | Reached skill level 2 in Maces & Flails
  1055 | D:2      | Reached XP level 3. HP: 22/36 MP: 3/3
  1173 | D:2      | Found a faded altar to an unknown god.
  1262 | D:3      | Reached skill level 3 in Maces & Flails
  1513 | D:1      | Reached XP level 4. HP: 41/44 MP: 4/4
  1637 | D:2      | Reached skill level 5 in Throwing
  1657 | D:2      | Noticed Crazy Yiuf
  1661 | D:2      | Killed Crazy Yiuf
  1661 | D:2      | Reached skill level 4 in Maces & Flails
  1717 | D:2      | Reached XP level 5. HP: 50/50 MP: 5/5
  2341 | D:3      | Noticed ZeroCool's ghost (amateur KoBe)
  2367 | D:3      | Killed ZeroCool's ghost
  2645 | D:5      | Entered Level 5 of the Dungeon
  2660 | D:5      | Reached skill level 5 in Maces & Flails
  2660 | D:5      | Reached XP level 6. HP: 47/59 MP: 6/6
  2972 | D:2      | Found an ancient bone altar of Kikubaaqudgha.
  3312 | D:3      | Found a shadowy altar of Dithmenos.
  3889 | D:3      | Noticed Ijyb
  3906 | D:3      | Killed Ijyb
  3906 | D:3      | Reached skill level 6 in Maces & Flails
  4526 | D:4      | Reached XP level 7. HP: 66/66 MP: 7/7
  5004 | D:4      | Reached skill level 7 in Maces & Flails
  5070 | D:5      | Noticed Edmund
  5094 | D:5      | Killed Edmund
  5094 | D:5      | Reached skill level 8 in Maces & Flails
  5265 | D:5      | Gained mutation: You are occasionally teleported next to monsters. [mutagenic meat]
  5266 | D:5      | Gained mutation: Your flesh is heat resistant. [mutagenic meat]
  5267 | D:5      | Gained mutation: Your natural rate of healing is unusually fast. [mutagenic meat]
  5268 | D:5      | Gained mutation: You have sharp fingernails. [mutagenic meat]
  5359 | D:6      | Reached skill level 9 in Maces & Flails
  5359 | D:6      | Reached XP level 8. HP: 24/74 MP: 8/8
  5426 | D:6      | Reached skill level 10 in Maces & Flails
  5438 | D:7      | Found a sparkling altar of Nemelex Xobeh.
  5470 | D:7      | Found a staircase to the Ecumenical Temple.
  5483 | Temple   | Entered the Ecumenical Temple
  5540 | Temple   | Became a worshipper of Makhleb the Destroyer
  5603 | D:6      | Found a sand-covered staircase.
  5608 | Ossuary  | Entered an ossuary
  5725 | Ossuary  | Reached skill level 1 in Evocations
  6083 | D:6      | Noticed Grinder
  6085 | D:6      | Paralysed by Grinder for 4 turns
  6094 | D:6      | Killed Grinder
  6131 | D:6      | Found an oddly glowing altar of Pakellas.
  6131 | D:6      | Found a white marble altar of Elyvilon.
  6132 | D:6      | Found an opulent altar of Gozag.
  6159 | D:6      | Reached * piety under Makhleb
  6159 | D:6      | Reached skill level 5 in Fighting
  6296 | D:5      | Found a blossoming altar of Fedhas.
  6631 | D:5      | Reached XP level 9. HP: 89/89 MP: 11/11
  7542 | D:6      | Reached skill level 5 in Invocations
  7756 | D:6      | Reached ** piety under Makhleb
  7787 | D:6      | Noticed a cyclops
  7788 | D:6      | Noticed an eight-headed hydra
  7815 | D:6      | Killed a cyclops
  7936 | D:6      | Killed an eight-headed hydra
  8042 | D:6      | Reached XP level 10. HP: 31/110 MP: 15/15
  8117 | D:6      | Reached skill level 10 in Fighting
  8239 | D:7      | Found a sacrificial altar of Ru.
  8352 | D:8      | Noticed Grum
  8382 | D:8      | Killed Grum
  8413 | D:8      | Noticed Gastronok
  8579 | D:8      | Killed Gastronok
  8710 | D:9      | Found a radiant altar of Vehumet.
  8932 | D:7      | Found Edo Dach's Assorted Antiques.
  8951 | D:7      | Bought a scroll labeled OFUMOR KALEO for 26 gold pieces
  8995 | D:7      | Found a snail-covered altar of Cheibriados.
  8996 | D:7      | Found a shimmering altar of Xom.
  9222 | D:8      | Found a staircase to the Lair.
  9443 | D:8      | Reached *** piety under Makhleb
  9443 | D:8      | Reached skill level 5 in Dodging
 10056 | Lair:1   | Entered Level 1 of the Lair of Beasts
 10098 | D:8      | Reached skill level 10 in Invocations
 10425 | Lair:1   | Found an iron altar of Okawaru.
 10440 | Lair:1   | Reached XP level 11. HP: 65/118 MP: 18/18
 10760 | Lair:1   | Reached **** piety under Makhleb
 11094 | Lair:1   | Reached skill level 11 in Maces & Flails
 11392 | Lair:2   | Noticed Harold
 11413 | Lair:2   | Killed Harold
 11976 | Lair:3   | Slain by a yak

Vault maps used:
D:1:      nagdon_arrival_double_spiral
D:2:      kennysheep_vampire_church, ecumenical_altar_2, uniq_crazy_yiuf_cottage
D:3:      kennysheep_goblin_castle, grunt_dithmenos_smoke_and_mirrors,
          first_bread, uniq_iyjb
D:4:      hangedman_decor_diamond_cutter
D:5:      fedhas_bush_and_centaur_altar, uniq_edmund
D:6:      gammafunk_temple_overflow_claw, enter_ossuary_2,
          minmay_divided_ellipse, uniq_grinder
D:7:      nemelex_deck, gammafunk_temple_overflow_statue,
          minmay_temple_entry_overgrown, basic_altar, serial_shops,
          nicolae_shop_temple_entry_statues_fountains
D:8:      dpeg_oklobed_lair, uniq_gastronok, uniq_grum
D:9:      vehumet_crystals
Temple:   chambers_temple_10
Lair:1:   basic_altar, serial_bayou_lake_a
Lair:2:   serial_bayou_shore_a, grunt_megastairs_1, uniq_harold
Lair:3:   mu_elephants_graveyard, small_statue_intersection, minmay_hedge_maze,
          beast_lair_carwin_9
Ossuary:  ossuary_crypta

Skill      XL: |  1  2  3  4  5  6  7  8  9 10 11 |
---------------+----------------------------------+-----
Maces & Flails | 1 2 3 4 5 6 9 10 11 | 11.9
Throwing       | 5 6 |  6.4
Dodging        | 2 5 7 |  7.5
Fighting       | 6 9 10 | 10.2
Evocations     | 1 |  1.0
Invocations    | 3 7 10 | 10.0
Stealth        | |  0.7

Action                   |  1- 3 |  4- 6 |  7- 9 | 10-12 || total
-------------------------+-------+-------+-------+-------++-------
Melee: Club              |   107 |       |       |       ||   107
       Short sword       |     3 |       |       |       ||     3
       Mace              |    13 |    89 |       |       ||   102
       Quarterstaff      |       |   125 |       |       ||   125
       Flail             |       |    11 |   326 |   333 ||   670
       Giant spiked club |       |       |       |    52 ||    52
 Fire: Hunting sling     |       |    13 |       |       ||    13
Throw: Large rock        |     6 |    10 |    27 |    22 ||    65
       Tomahawk          |     1 |       |    19 |     1 ||    21
       Javelin           |       |       |    10 |    12 ||    22
       Throwing net      |       |       |     1 |     1 ||     2
Invok: Minor Destruction |       |       |       |    46 ||    46
       Major Destruction |       |       |       |    14 ||    14
Evoke: Wand              |       |       |       |     4 ||     4
  Use: Scroll            |       |     2 |     5 |     5 ||    12
       Potion            |       |       |     1 |       ||     1
 Stab: Sleeping          |       |     3 |       |     3 ||     6
       Distracted        |       |       |     1 |       ||     1
       Held in net/web   |       |       |     2 |       ||     2
  Eat: Chunk             |     2 |    10 |    15 |    12 ||    39
       Fruit             |       |       |       |     1 ||     1
       Pizza             |       |       |       |     1 ||     1
       Royal jelly       |       |       |       |     1 ||     1
